 Dungeon Crawl Stone Soup version 0.31-a0-1589-g8f5e8aebd6 (webtiles) character file.

Game seed: 16934339661157874442

791 graki42 the Conjurer (level 7, -6/51 HPs)
             Began as a Gnoll Conjurer on Jan 5, 2024.
             Mangled by an orc warrior
             ... wielding a +0 battleaxe
              (20 damage)
             ... on level 6 of the Dungeon.
             The game lasted 00:09:50 (4478 turns).

graki42 the Conjurer (Gnoll Conjurer)               Turns: 4478, Time: 00:09:51

Health: -6/51      AC:  3    Str:  6    XL:     7   Next: 88%
Magic:  19/24      EV: 13    Int: 19    God:
Gold:   250        SH:  0    Dex: 11    Spells: 14/17 levels left

rFire   . . .        w - +0 dagger (venom)
rCold   . . .        (no shield)
rNeg    . . .        a - +0 robe
rPois   +            (no helmet)
rElec   .            m - +0 cloak {rPois}
rCorr   .            (no gloves)
SInv    .            (no boots)
Will    .....        (no amulet)
Stlth   +++          o - ring of magical power
HPRegen 0.28/turn    (no ring)
MPRegen 0.19/turn

%: no passive effects
@: no status effects
A: fangs 1, strong nose, distributed training
a: no special abilities


You were on level 6 of the Dungeon.
You visited 1 branch of the dungeon, and saw 6 of its levels.

You collected 250 gold pieces.

Inventory:

Hand Weapons
 w - a +0 dagger of venom (weapon)
Armour
 a - a +0 robe (worn)
 m - a +0 cloak of poison resistance (worn)
Jewellery
 o - a ring of magical power (left hand)
Wands
 q - a wand of flame (25)
 t - a wand of paralysis (7)
 u - a wand of mindburst (12)
Scrolls
 f - a scroll of acquirement {unknown}
 i - 2 scrolls of revelation {unknown}
 j - a scroll of vulnerability {unknown}
 k - 3 scrolls of blinking {unknown}
 n - a scroll of noise {unknown}
 p - 2 scrolls of fear {unknown}
 r - a scroll of brand weapon {unknown}
 s - a scroll of fog {unknown}
 v - a scroll of teleportation {unknown}
Potions
 b - a potion of magic
 c - a potion of might {unknown}
 d - 3 potions of brilliance
 e - 3 potions of curing
 g - 3 potions of enlightenment
 h - 2 potions of mutation {unknown}


   Skills:
 + Level 2.9 Fighting
 + Level 2.9 Short Blades
 + Level 2.9 Long Blades
 + Level 2.9 Axes
 + Level 2.9 Maces & Flails
 + Level 2.9 Polearms
 + Level 2.9 Staves
 + Level 2.9 Ranged Weapons
 + Level 2.9 Throwing
 + Level 2.9 Armour
 + Level 5.4 Dodging
 + Level 5.1 Stealth
 + Level 2.9 Shields
 + Level 2.9 Unarmed Combat
 + Level 5.8 Spellcasting
 + Level 7.5 Conjurations
 + Level 2.3 Hexes
 + Level 2.3 Summonings
 + Level 2.3 Necromancy
 + Level 2.3 Translocations
 + Level 2.3 Fire Magic
 + Level 2.3 Ice Magic
 + Level 2.3 Air Magic
 + Level 2.3 Earth Magic
 + Level 2.3 Alchemy
 + Level 3.2 Invocations
 + Level 2.9 Evocations
 + Level 2.6 Shapeshifting


You had 14 spell levels left.
You knew the following spells:

 Your Spells              Type           Power      Damage    Failure   Level
a - Magic Dart            Conj           100%       1d8       1%          1
b - Searing Ray           Conj           68%        2d6       1%          2

Your spell library contained the following spells:

 Spells                   Type           Power      Damage    Failure   Level
 Foxfire                  Conj/Fire      96%        2x1d8     1%          1
 Shock                    Conj/Air       96%        1d9       1%          1
 Mephitic Cloud           Conj/Alch/Air  21%        N/A       6%          3
 Mercury Vapours          Alch/Air       28%        N/A       7%          2
 Gell's Gravitas          Tloc           14%        N/A       13%         3
 Swiftness                Air            14%        N/A       13%         3
 Teleport Other           Tloc           14%        N/A       13%         3
 Fulminant Prism          Conj/Alch      12%        3d9       16%         4
 Iskenderun's Mystic Bla  Conj/Tloc      24%        2d7       16%         4
 Airstrike                Air            7%         2d(1-17)  41%         4
 Freezing Cloud           Conj/Ice/Air   10%        6-21      52%         5
 Starburst                Conj/Fire      12%        6d5       93%         6
 Dispersal                Tloc           7%         N/A       100%        6
 Plasma Beam              Fire/Air       7%         2x1d17    100%        6


Dungeon Overview and Level Annotations

Branches:
Dungeon (6/15)
 Temple: D:4-7

Altars:
Okawaru


Innate Abilities, Weirdness & Mutations

You have very sharp teeth.
Your uncanny sense of smell can sniff out nearby items.
Your experience applies equally to all skills.


Message History

You kill the orc!
The searing ray hits the orc warrior.
The orc warrior is lightly wounded.
The orc wizard casts a spell.
The orc wizard flickers and vanishes!
Deactivating autopickup; reactivate with Ctrl-A.
You hear a shout!
The searing ray hits the orc warrior.
The orc warrior is moderately wounded.
You finish channelling your searing ray.
Casting: Searing Ray (safe; 1% risk of failure)
Confirm with . or Enter, or press ? or * to list all spells.
Aiming: Searing Ray (safe; 1% risk of failure)
Press: ? - help, Shift-Dir - straight line, f - orc warrior
Aim: an orc warrior, wielding a +0 battleaxe and wearing a +0 chain mail (moderately wounded, 78% to hit)
The searing ray hits the orc warrior but does no damage.
The orc warrior is moderately wounded. (Press . to maintain the ray.)
The searing ray hits the orc warrior!
The orc warrior is severely wounded.
The orc warrior hits you with a +0 battleaxe!
You hear some strange, mumbled words.
You are confused.
The orc warrior barely misses you. The orc warrior closely misses you.
Something hits you.
You're too confused to cast spells.
Unknown command.
The orc warrior closely misses you. Something barely misses you.
The orc warrior misses you. Something hits you.
The orc warrior hits you with a +0 battleaxe!
You hear some strange, mumbled words.
Something tries to affect you, but you resist.
You feel less confused. The orc warrior closely misses you. Something hits you.
The orc warrior hits you with a +0 battleaxe.
Something barely misses you. The orc warrior closely misses you.
Something hits you.
* * * LOW HITPOINT WARNING * * *
The orc warrior hits you with a +0 battleaxe!!
You die...

#..#......#
#.#.......#
##.#.......#
#.#........#
##.#........#
#..##.......#
#.########### ##.#
∆ #@o# ##{##
#######
#.o###.......
...#............
..|...)..........
.................
..................
##................
#................


You could see an orc warrior and an orc.

Vanquished Creatures
  A centaur (D:6)
  A phantom (D:5)
  A bullfrog (D:6)
  3 scorpions
  A hound (D:5)
  A gnoll bouda (D:5)
  An iguana (D:5)
  An orc wizard (D:4)
  Terence (D:3)
  9 gnolls
  9 adders
  A shadow imp (D:5)
  2 ufetubi (D:5)
  A ribbon worm (D:3)
  12 orcs
  4 endoplasms
  3 giant cockroaches
  2 goblins (D:2)
  6 hobgoblins
  7 jackals
  2 quokkas
  3 ball pythons
  4 bats
  2 frilled lizards
  6 kobolds
  10 rats
94 creatures vanquished.

Notes
Turn   | Place    | Note
-------+----------+-------------------------------------------
     0 | D:1      | graki42 the Gnoll Conjurer began the quest for the Orb.
     0 | D:1      | Reached XP level 1. HP: 13/13 MP: 6/6
    15 | D:1      | Reached XP level 2. HP: 20/20 MP: 3/7
   478 | D:1      | Reached skill level 5 in Spellcasting
   478 | D:1      | Reached XP level 3. HP: 25/25 MP: 6/9
   573 | D:1      | Learned a level 2 spell: Searing Ray
   778 | D:2      | Reached skill level 1 in Invocations
   876 | D:2      | Reached skill level 1 in Fighting
   876 | D:2      | Reached skill level 1 in Short Blades
   876 | D:2      | Reached skill level 1 in Long Blades
   876 | D:2      | Reached skill level 1 in Axes
   876 | D:2      | Reached skill level 1 in Maces & Flails
   876 | D:2      | Reached skill level 1 in Polearms
   876 | D:2      | Reached skill level 1 in Staves
   876 | D:2      | Reached skill level 1 in Ranged Weapons
   876 | D:2      | Reached skill level 1 in Throwing
   876 | D:2      | Reached skill level 1 in Armour
   876 | D:2      | Reached skill level 1 in Shields
   876 | D:2      | Reached skill level 1 in Unarmed Combat
   876 | D:2      | Reached skill level 1 in Evocations
  1509 | D:2      | Reached skill level 1 in Shapeshifting
  1509 | D:2      | Reached XP level 4. HP: 32/32 MP: 8/11
  1596 | D:3      | Reached skill level 1 in Hexes
  1596 | D:3      | Reached skill level 1 in Summonings
  1596 | D:3      | Reached skill level 1 in Necromancy
  1596 | D:3      | Reached skill level 1 in Translocations
  1596 | D:3      | Reached skill level 1 in Fire Magic
  1596 | D:3      | Reached skill level 1 in Ice Magic
  1596 | D:3      | Reached skill level 1 in Air Magic
  1596 | D:3      | Reached skill level 1 in Earth Magic
  1596 | D:3      | Reached skill level 1 in Alchemy
  2016 | D:3      | Reached XP level 5. HP: 34/37 MP: 11/12
  2098 | D:3      | Noticed Terence
  2103 | D:3      | Killed Terence
  3081 | D:4      | Reached XP level 6. HP: 39/44 MP: 13/13
  3161 | D:4      | Found an iron altar of Okawaru.
  3239 | D:4      | Reached skill level 5 in Dodging
  3410 | D:5      | Entered Level 5 of the Dungeon
  3741 | D:5      | Reached XP level 7. HP: 28/50 MP: 15/15
  3961 | D:5      | Reached skill level 5 in Stealth
  4149 | D:5      | Noticed a two-headed ogre
  4478 | D:6      | Mangled by an orc warrior

Illustrated notes

Levels and vault maps discovered:
D:1:      dpeg_arrival_refuge, layout_rooms, palyth_stone_intersect
D:2:      layout_basic, chequers_mini_garden
D:3:      layout_loops_cross, uniq_terence
D:4:      layout_basic, mainiacjoe_overflow_24_doors
D:5:      cheibrodos_quashed, layout_loops_ring, dreamdust_princess_corridor,
          minmay_liquid_box
D:6:      layout_cave_pods, overflow_temple_1_default

Skill      XL: |  1  2  3  4  5  6  7 |
---------------+----------------------+-----
Spellcasting   | 5 |  5.8
Invocations    | 1 2 3 |  3.2
Fighting       | 1 2 |  2.9
Short Blades   | 1 2 |  2.9
Long Blades    | 1 2 |  2.9
Axes           | 1 2 |  2.9
Maces & Flails | 1 2 |  2.9
Polearms       | 1 2 |  2.9
Staves         | 1 2 |  2.9
Ranged Weapons | 1 2 |  2.9
Throwing       | 1 2 |  2.9
Armour         | 1 2 |  2.9
Shields        | 1 2 |  2.9
Unarmed Combat | 1 2 |  2.9
Evocations     | 1 2 |  2.9
Shapeshifting  | 1 2 |  2.6
Hexes          | 1 2 |  2.3
Summonings     | 1 2 |  2.3
Necromancy     | 1 2 |  2.3
Translocations | 1 2 |  2.3
Fire Magic     | 1 2 |  2.3
Ice Magic      | 1 2 |  2.3
Air Magic      | 1 2 |  2.3
Earth Magic    | 1 2 |  2.3
Alchemy        | 1 2 |  2.3
Dodging        | 5 |  5.4
Stealth        | 5 |  5.1
Conjurations   | |  7.5

Action                     |  1- 3 |  4- 6 |  7- 9 || total
---------------------------+-------+-------+-------++-------
  Melee: Whip              |    31 |    11 |       ||    42
         Bite              |     2 |     2 |       ||     4
         Punch             |     1 |       |       ||     1
         Dagger            |       |     6 |       ||     6
   Cast: Magic Dart        |    51 |    48 |    10 ||   109
         Searing Ray       |       |    15 |     9 ||    24
    Use: Scroll            |       |     4 |       ||     4
   Stab: Sleeping          |       |     1 |       ||     1
 Armour: Robe              |    13 |    37 |    21 ||    71
  Dodge: Dodged            |    25 |    34 |    23 ||    82

Table legend: (Time is in decaauts)
 A = Elapsed time spent in this place.
 B = Non-inter-level travel time spent in this place.
 C = Inter-level travel time spent in this place.
 D = Time resting spent in this place.
 E = Time spent auto-exploring this place.
 F = Levels seen in this place.
 G = Mean time per level.
                   A        B        C        D        E       F      G
               +--------+--------+--------+--------+--------+-----+--------+
         Total |   4478 |   4345 |    133 |     66 |   3714 |   6 |  746.3 |
       Dungeon |   4478 |   4345 |    133 |     66 |   3714 |   6 |  746.3 |
               +--------+--------+--------+--------+--------+-----+--------+

Top non-repeatable levels by time:
     D:3: 1000 daAuts
     D:2: 899 daAuts
     D:4: 827 daAuts
     D:5: 783 daAuts
     D:1: 683 daAuts
     D:6: 283 daAuts
